 Dungeon Crawl Stone Soup version 0.30-a0-364-gf6b3ef1049 (webtiles) character file.

Game seed: 550565302234195104

249 ytrimaz the Chopper (level 6, -1/47 HPs)
             Began as a Formicid Fighter on Nov 15, 2022.
             Slain by Pikel
             ... wielding a +2 whip of electrocution
              (11 damage)
             ... on level 4 of the Dungeon.
             The game lasted 00:03:27 (2665 turns).

ytrimaz the Chopper (Formicid Fighter)              Turns: 2665, Time: 00:03:28

Health: -1/47      AC:  8    Str: 23    XL:     6   Next: 34%
Magic:  6/6        EV:  9    Int:  7    God:
Gold:   196        SH:  6    Dex: 19    Spells: 5/5 levels left

rFire   + . .      SeeInvis +    m - +4 executioner's axe of Peace {vorpal, rElec rC- Dex+6 SInv}
rCold   . . .      Faith    .    c - +0 buckler
rNeg    . . .      Spirit   .    j - +1 scale mail {rF+}
rPois   .          Reflect  .    (helmet unavailable)
rElec   +          Harm     .    (no cloak)
rCorr   .          Rampage  .    (no gloves)
Will    .....                    (no boots)
Stlth   ..........               (no amulet)
HPRegen 0.27/turn                n - ring of protection from cold
MPRegen 0.10/turn                (no ring)

@: no status effects
A: permanent stasis, dig shafts and tunnels, antennae 3, four strong arms
a: Dig, Shaft Self


You were on level 4 of the Dungeon.
You visited 1 branch of the dungeon, and saw 4 of its levels.

You collected 196 gold pieces.


Innate Abilities, Weirdness & Mutations

You cannot be hasted, slowed, berserked, paralysed or teleported.
You can dig through walls and to a lower floor.
You have a pair of large antennae on your head. (SInv)
Your four strong arms can wield two-handed weapons with a shield.


   Skills:
 - Level 3.2 Fighting
 + Level 5.4 Axes
 - Level 4.6 Armour
 - Level 4.0 Shields


You had 5 spell levels left.
You didn't know any spells.
Your spell library contained the following spells:

 Spells                   Type           Power      Damage    Failure   Level
 Ignite Poison            Fire/Tmut/Pois 0%         N/A       99%         3
 Kindle Blastsparks       Fire/Tloc/Air  0%         2d10      99%         3
 Freezing Cloud           Conj/Ice/Air   0%         6-21      100%        5

Inventory:

Hand Weapons
 a - a +0 war axe
 m - the +4 executioner's axe of Peace (weapon) {vorpal, rElec rC- Dex+6 SInv}
   (You acquired it on level 2 of the Dungeon)

   It inflicts extra damage upon your enemies.
   Dex:       It affects your dexterity (+6).
   rC:        It makes you vulnerable to cold.
   rElec:     It insulates you from electricity.
   SInv:      It lets you see invisible.
Missiles
 b - 4 poisoned darts
 i - 6 javelins
Armour
 c - a +0 buckler (worn)
 j - a +1 scale mail of fire resistance (worn)
   (You took it off Terence on level 2 of the Dungeon)
Jewellery
 n - a ring of protection from cold (left hand)
   (You found it on level 2 of the Dungeon)
Scrolls
 g - 3 scrolls of noise
Potions
 d - 4 potions of might
 e - a potion of mutation {unknown}
 f - 2 potions of heal wounds {unknown}
 h - 2 potions of flight {unknown}
 k - a potion of lignification {unknown}
 l - 3 potions of brilliance {unknown}
 r - a potion of invisibility

Dungeon Overview and Level Annotations

Branches:
Dungeon (4/15) Zot: 21221
 Temple: D:4-7

Altars:
Cheibriados
Gozag
Makhleb
Uskayaw
Xom

Annotations:
D:3 2 runed translucent doors, Crazy Yiuf; NinjaNoafa's ghost, amateur AtFi
D:4 Pikel

.# .# #.# .. .## #.# ..#
..# #.# ..# #.###.# #.#
#..##.# #.# ##.##.###
#.# .##
##..#...######.####.....
###.>...........@K55...#
###.#)######.####5#...
#.#...# #.# #.###.####.#
#.# #......# #.#
######.# #.# #.# #.# #.#
###


You could see Pikel and 3 lemures.


Message History

No target in view!
You see here a hound corpse.
Found a stone staircase leading down.
You sense a monster nearby.
No target in view!
There is a stone staircase leading down here.
An orc comes into view. It is wielding a +0 club.
The orc shouts!
An orc is nearby!
You barely miss the orc. You block the orc's attack.
The orc hits you but does no damage.
You barely miss the orc. The orc hits you but does no damage. x2
You hit the orc. The orc closely misses you.
Unknown command.
You hit the orc.
You kill the orc!
No target in view!
Things that are here:
a +0 club; an orc corpse Key pressed, stopping explore.
No target in view!
Unknown command. 2 lemures come into view.
The lemure shouts! x2
A lemure comes into view.
Pikel, Merchant of Souls comes into view.
He is wielding a +2 whip of electrocution and wearing a +2 robe of cold resistance.
The lemure moves out of view.
A lemure comes into view.
Pikel shouts!
The lemure shouts! x2
You barely miss the lemure. The lemure hits you but does no damage.
Pikel says, "Antaeus said I was his favorite kobold.
Me!"
The lemure hits you. 😕 HP[-4]
You take 4 damage, and now have 43/47 hp.
You closely miss the lemure. The lemure hits you! 😕 HP[-6]
You take 6 damage, and now have 37/47 hp.
You slice the lemure!!
You kill the lemure!
That felt strangely unrewarding.
Pikel hits you with a +2 whip of electrocution. 😕 HP[-1]
You take 1 damage, and now have 36/47 hp.
Unknown command.
You miss Pikel. You block Pikel's attack.
Pikel hits you with a +2 whip of electrocution. 😮 HP[-2]
You take 2 damage, and now have 34/47 hp.
Unknown command.
You completely miss Pikel.
Pikel hits you with a +2 whip of electrocution. 😮 HP[-5]
You take 5 damage, and now have 29/47 hp.
You hit Pikel but do no damage.
Pikel hits you with a +2 whip of electrocution.
Pikel completely misses you.
Unknown command.
You are too injured to fight recklessly!
You hit Pikel but do no damage.
Pikel hits you with a +2 whip of electrocution. x2
* * * LOW HITPOINT WARNING * * *
😨 HP[-6]
You take 6 damage, and now have 23/47 hp.
You are too injured to fight recklessly!
You barely miss Pikel.
Pikel hits you with a +2 whip of electrocution.
* * * LOW HITPOINT WARNING * * *
Unknown command. 😨 HP[-3]
You take 3 damage, and now have 20/47 hp.
You barely miss Pikel.
Pikel hits you with a +2 whip of electrocution.
* * * LOW HITPOINT WARNING * * *
Pikel hits you but does no damage. 😨 HP[-1]
You take 1 damage, and now have 19/47 hp.
You are too injured to fight recklessly!
You hit Pikel. Pikel hits you but does no damage.
Unknown command.
You closely miss Pikel. You block Pikel's attack.
Pikel hits you with a +2 whip of electrocution.
* * * LOW HITPOINT WARNING * * *
You closely miss Pikel.
Pikel hits you with a +2 whip of electrocution.
* * * LOW HITPOINT WARNING * * *
Pikel hits you but does no damage.
Unknown command. 😨 HP[-2]
You take 2 damage, and now have 17/47 hp.
You barely miss Pikel.
Pikel hits you with a +2 whip of electrocution.
* * * LOW HITPOINT WARNING * * *
😨 HP[-1]
You take 1 damage, and now have 16/47 hp.
Unknown command.
You barely miss Pikel.
Pikel hits you with a +2 whip of electrocution.
* * * LOW HITPOINT WARNING * * *
Pikel hits you with a +2 whip of electrocution!
You die...

Skill      XL: |  1  2  3  4  5 |
---------------+----------------+-----
Armour         | 4 |  4.6
Axes           | 3 5 |  5.4
Fighting       | |  3.2
Shields        | |  4.0

Action                   |  1- 3 |  4- 6 || total
-------------------------+-------+-------++-------
Melee: War axe           |    72 |    24 ||    96
       Executioner's axe |       |    87 ||    87
  Use: Scroll            |     1 |     7 ||     8
Armor: Scale mail        |    41 |    58 ||    99
Dodge: Dodged            |    41 |    47 ||    88
Block: Buckler           |    21 |    36 ||    57

Levels and vault maps discovered:
D:1:      minmay_arrival_four_houses, layout_basic
D:2:      layout_rooms, amethyst_killhole, hangedman_decor_clover_reticule,
          minmay_rat_gold_closets, uniq_terence
D:3:      layout_loops_ring, mainiacjoe_overflow_small_starburst,
          overflow_temple_1_default, mainiacjoe_overflow_brackets,
          mainiacjoe_overflow_two_lobes, ebering_ghost_sewer_d,
          saegor_snake_ambush, uniq_crazy_yiuf_cottage
D:4:      layout_basic, minmay_temple_entry_hall, ebering_ghost_sewer_f,
          grunt_tough_drop, uniq_pikel

Notes
Turn   | Place    | Note
-------+----------+-------------------------------------------
     0 | D:1      | ytrimaz the Formicid Fighter began the quest for the Orb.
     0 | D:1      | Reached XP level 1. HP: 18/18 MP: 1/1
     0 | D:1      | magus.rc [v1.9.6]
   212 | D:1      | Reached XP level 2. HP: 15/24 MP: 2/2
   558 | D:1      | Reached XP level 3. HP: 26/29 MP: 3/3
   862 | D:2      | Reached skill level 4 in Armour
   930 | D:2      | Noticed Terence
   936 | D:2      | Killed Terence
   937 | D:2      | Reached skill level 3 in Axes
   937 | D:2      | Reached XP level 4. HP: 20/35 MP: 4/4
  1203 | D:2      | Identified a scroll of acquirement
  1204 | D:2      | Acquired the +4 executioner's axe of Peace {vorpal, rElec
                  | rC- Dex+6 SInv}
  1516 | D:3      | Found a runed translucent door.
  1522 | D:3      | Noticed NinjaNoafa's ghost (amateur AtFi)
  1632 | D:3      | Found a shimmering altar of Xom.
  1656 | D:3      | Found a hide-covered altar of Uskayaw.
  1664 | D:3      | You add the spells Kindle Blastsparks, Ignite Poison and
                  | Freezing Cloud to your library.
  1826 | D:3      | Found a burning altar of Makhleb.
  1865 | D:3      | Found an opulent altar of Gozag.
  1959 | D:3      | Found a snail-covered altar of Cheibriados.
  2041 | D:3      | Reached XP level 5. HP: 41/41 MP: 5/5
  2263 | D:3      | Found a runed translucent door.
  2264 | D:3      | Noticed Crazy Yiuf
  2431 | D:4      | Reached skill level 4 in Axes
  2558 | D:4      | Reached skill level 5 in Axes
  2558 | D:4      | Reached XP level 6. HP: 47/47 MP: 6/6
  2649 | D:4      | Noticed Pikel
  2665 | D:4      | HP: 10/47 [Pikel/+2 whip of electrocution (6)]
  2665 | D:4      | Slain by Pikel

Vanquished Creatures
  A lemure (D:4)
  A hound (D:4)
  A gnoll bouda (D:4)
  Terence (D:2)
  An iguana (D:4)
  4 gnolls (D:4)
  3 adders
  A worm (D:2)
  2 dart slugs
  3 orcs (D:4)
  2 endoplasms
  A giant cockroach (D:4)
  A hobgoblin (D:2)
  6 jackals
  7 kobolds
  2 quokkas
  6 ball pythons
  3 bats
  2 frilled lizards
  8 goblins
  15 rats
71 creatures vanquished.

Table legend:
 A = Non-vault XP
 B = Vault XP
 C = Vault XP percentage of total XP
 D = Non-vault monster count
 E = Vault monster count
 F = Vault count percentage of total count
                 A         B        C        D         E       F
            +---------+---------+-------+---------+---------+-------
      Total |     284 |      72 |  20.2 |      58 |      12 |  17.1
            +---------+---------+-------+---------+---------+-------
        D:1 |      34 |       0 |   0.0 |      19 |       0 |   0.0
        D:2 |      29 |      44 |  60.3 |      15 |       9 |  37.5
        D:3 |      14 |      28 |  66.7 |      10 |       3 |  23.1
        D:4 |     207 |       0 |   0.0 |      14 |       0 |   0.0
            +---------+---------+-------+---------+---------+-------

Illustrated notes

Table legend:
 A = Kills in this place as a percentage of kills in entire the game.
 B = Kills by you in this place as a percentage of kills by you in the entire game.
 C = Kills by friends in this place as a percentage of kills by friends in the entire game.
 D = Other kills in this place as a percentage of other kills in the entire game.
 E = Experience gained in this place as a percentage of experience gained in the entire game.
 F = Experience gained in this place divided by the number of levels of this place that you have seen.
                   A       B       C       D       E      F
               +-------+-------+-------+-------+-------+----------------------
         Total | 100.0 | 100.0 |   N/A |   N/A | 100.0 |  89.0
       Dungeon | 100.0 | 100.0 |   N/A |   N/A | 100.0 |  89.0
               +-------+-------+-------+-------+-------+----------------------

Table legend: (Time is in decaauts)
 A = Elapsed time spent in this place.
 B = Non-inter-level travel time spent in this place.
 C = Inter-level travel time spent in this place.
 D = Time resting spent in this place.
 E = Time spent auto-exploring this place.
 F = Levels seen in this place.
 G = Mean time per level.
                   A        B        C        D        E       F      G
               +--------+--------+--------+--------+--------+-----+--------+
         Total |   2776 |   2704 |     72 |      0 |   2132 |   4 |  694.0 |
       Dungeon |   2776 |   2704 |     72 |      0 |   2132 |   4 |  694.0 |
               +--------+--------+--------+--------+--------+-----+--------+

Top non-repeatable levels by time:
     D:3: 926 daAuts
     D:1: 884 daAuts
     D:2: 648 daAuts
     D:4: 317 daAuts
